 Dungeon Crawl Stone Soup version 0.30-a0-55-g90e3122c3a (webtiles) character file.

Game seed: 598046314912833473

160 Decritt the Trooper (level 5, 0/34 HPs)
             Began as a Gargoyle Fighter on Sept 9, 2022.
             Was an Initiate of Ru.
             Splashed by a jelly's acid (7 damage)
             ... on level 3 of the Dungeon.
             The game lasted 00:08:03 (2809 turns).

Decritt the Trooper (Gargoyle Fighter)              Turns: 2809, Time: 00:08:04

Health: 0/34       AC:  3    Str: 22    XL:     5   Next: 41%
Magic:  0/1        EV:  9    Int:  8    God:    Ru [......]
Gold:   143        SH:  4    Dex:  9    Spells: 4/4 levels left

rFire   . . .      SeeInvis .    l - +2 spear (antimagic)
rCold   . . .      Faith    .    c - +0 buckler
rNeg    + . .      Spirit   +    b - +0 scale mail
rPois   ∞          Reflect  .    (no helmet)
rElec   +          Harm     .    p - scarf {repulsion}
rCorr   .          Rampage  .    (no gloves)
Will    .....                    (no boots)
Stlth   ..........               h - amulet of guardian spirit
HPRegen 0.11/turn                (no ring)
MPRegen 0.07/turn                (no ring)

@: mighty, corroded, repel missiles
A: sickness immunity, AC +4, negative energy resistance 1, electricity
resistance, torment resistance 1, petrification resistance
a: Renounce Religion


You were on level 3 of the Dungeon.
You worshipped Ru.
Ru was noncommittal.
You visited 1 branch of the dungeon, and saw 3 of its levels.

You collected 143 gold pieces.

Inventory:

Hand Weapons
 a - a +0 flail
 l - a +2 antimagic spear (weapon)
Armour
 b - a +0 scale mail (worn)
 c - a +0 buckler (worn)
 p - a scarf of repulsion (worn)
Jewellery
 h - an amulet of guardian spirit (around neck)
Scrolls
 e - a scroll of fear {unknown}
 m - a scroll of enchant weapon {unknown}
 o - a scroll of silence {unknown}
 q - a scroll of fog {unknown}
Potions
 f - a potion of attraction {unknown}
 g - a potion of mutation {unknown}
 i - a potion of invisibility
 j - 6 potions of brilliance {unknown}
 k - a potion of ambrosia {unknown}
 n - a potion of flight {unknown}


   Skills:
 * Level 4.7 Fighting
 + Level 3.2 Maces & Flails
 + Level 4.0 Armour
 + Level 1.0 Dodging
 + Level 3.6 Shields


You had 4 spell levels left.
You didn't know any spells.
Your spell library contained the following spells:

 Spells                   Type           Power      Damage    Failure   Level
 Slow                     Hex            0%         N/A       82%         1
 Static Discharge         Conj/Air       0%         3-3/arc   91%         2
 Confusing Touch          Hex            0%         N/A       99%         3
 Vampiric Draining        Necr           0%         2d6       99%         3
 Dispel Undead            Necr           0%         3d6       100%        4
 Sticky Flame             Conj/Fire      0%         2d3       100%        4


Dungeon Overview and Level Annotations

Branches:
Dungeon (3/15)

Altars:
Kikubaaqudgha
Ru

Annotations:
D:3 Natasha


Innate Abilities, Weirdness & Mutations

You are immune to sickness and miasma.
Your stone body is resilient. (AC +4)
You are immune to poison.
You resist negative energy. (rN+)
You are resistant to electric shocks. (rElec)
You are resistant to unholy torment.
You are immune to petrification.


Message History

Moving in this stuff is going to be slow.
A quokka comes into view.
Found 13 gold pieces.
You reach to attack!
You barely miss the quokka.
The quokka bites you but does no damage.
You hit the quokka.
The quokka is severely wounded.
The quokka barely misses you.
You hit the quokka but do no damage.
The quokka is severely wounded.
The quokka completely misses you.
You hit the quokka.
You kill the quokka!
You see here a quokka corpse.
You now have 143 gold pieces (gained 13).
Found a whip.
A jelly comes into view.
The jelly quivers.
You see here a +0 whip.
You reach to attack!
You hit the jelly.
The jelly is lightly wounded.
You hit the jelly. The acid corrodes you!
Your hands burn!
The jelly is moderately wounded.
The jelly hits you. The acid corrodes you!
You are splashed with acid!
You block the jelly's attack.
You barely miss the jelly.
The jelly is moderately wounded.
The jelly hits you.
* * * LOW HITPOINT WARNING * * *
You are splashed with acid!
* * * LOW HITPOINT WARNING * * *
You feel very mighty all of a sudden. The jelly closely misses you.
You hit the jelly.
Your hands burn!
* * * LOW HITPOINT WARNING * * *
The jelly is heavily wounded.
The jelly hits you.
* * * LOW HITPOINT WARNING * * *
You are splashed with acid!
You die...

######................#
....†......#####.##...#
#.#.##.....####.......#
#.#.##...........###..#
#.....#########.## #
....#.# #.# ###.#.# #.#
# ....#.# #)##.##.#
.##... #.@J....# ......
####.#### ....### ..
.##.# .# ...# # #


You could see a jelly.

Vanquished Creatures
  A necrophage (D:3)
  Terence (D:3)
  2 adders
  A worm (D:2)
  3 dart slugs
  An orc (D:3)
  5 endoplasms
  2 giant cockroaches (D:2)
  4 goblins
  6 hobgoblins
  4 quokkas
  3 ball pythons
  4 bats
  4 frilled lizards
  2 kobolds
  6 rats
49 creatures vanquished.

Notes
Turn   | Place    | Note
-------+----------+-------------------------------------------
     0 | D:1      | Decritt the Gargoyle Fighter began the quest for the Orb.
     0 | D:1      | Reached XP level 1. HP: 14/14 MP: 1/1
   248 | D:1      | Reached XP level 2. HP: 19/19 MP: 2/2
   534 | D:1      | Found a faded altar of an unknown god.
   993 | D:2      | Reached XP level 3. HP: 11/24 MP: 3/3
  1746 | D:3      | Noticed Terence
  1785 | D:3      | Killed Terence
  1786 | D:3      | Reached XP level 4. HP: 12/29 MP: 0/4
  1926 | D:3      | Found a sacrificial altar of Ru.
  1935 | D:3      | Became a worshipper of Ru the Awakened
  2086 | D:3      | Found an ancient bone altar of Kikubaaqudgha.
  2096 | D:3      | Noticed Ijyb
  2347 | D:3      | Noticed Natasha
  2480 | D:3      | Noticed a necrophage
  2510 | D:3      | Killed a necrophage
  2511 | D:3      | Reached skill level 1 in Dodging
  2511 | D:3      | Reached XP level 5. HP: 19/34 MP: 0/5
  2809 | D:3      | Splashed by a jelly's acid

Illustrated notes

Levels and vault maps discovered:
D:1:      heliophobic_arrival_dark_side_of_the_moon, layout_loops_ring,
          chequers_ecumenical_altar_simple_redux
D:2:      layout_loops_ring
D:3:      layout_loops_cross, mainiacjoe_overflow_alcove_1,
          hangedman_ru_absence, serial_shops, shop_statue, uniq_ijyb,
          uniq_natasha, uniq_terence

Skill      XL: |  1  2  3  4 |
---------------+-------------+-----
Fighting       | 4 |  4.7
Maces & Flails | 3 |  3.2
Armour         | 4 |  4.0
Dodging        | 1 |  1.0
Shields        | |  3.6

Action                   |  1- 3 |  4- 6 || total
-------------------------+-------+-------++-------
Melee: Flail             |    69 |       ||    69
       Spear             |    63 |    45 ||   108
  Use: Potion            |       |     1 ||     1
Armor: Scale mail        |    83 |    17 ||   100
Dodge: Dodged            |    60 |    13 ||    73
Block: Buckler           |    21 |     9 ||    30

Table legend: (Time is in decaauts)
 A = Elapsed time spent in this place.
 B = Non-inter-level travel time spent in this place.
 C = Inter-level travel time spent in this place.
 D = Time resting spent in this place.
 E = Time spent auto-exploring this place.
 F = Levels seen in this place.
 G = Mean time per level.
                   A        B        C        D        E       F      G
               +--------+--------+--------+--------+--------+-----+--------+
         Total |   2852 |   2770 |     82 |    777 |   1450 |   3 |  950.7 |
       Dungeon |   2852 |   2770 |     82 |    777 |   1450 |   3 |  950.7 |
               +--------+--------+--------+--------+--------+-----+--------+

Top non-repeatable levels by time:
     D:2: 1224 daAuts
     D:3: 912 daAuts
     D:1: 714 daAuts
